 Dungeon Crawl Stone Soup version 0.16.2-2-g470672f (webtiles) character file.

260 CrazyArbalest the Bolt Thrower (level 5, -6/42 HPs)
             Began as a Centaur Hunter on Aug 22, 2015.
             Mangled by an ogre
             ... wielding a +0 giant club
              (22 damage)
             ... on level 4 of the Dungeon.
             The game lasted 00:19:12 (4520 turns).

CrazyArbalest the Bolt Thrower (Centaur Hunter)     Turns: 4520, Time: 00:19:12

Health: -6/42      AC:  5    Str: 14    XL:     5   Next: 95%
Magic:  4/4        EV:  9    Int: 10    God:
Gold:   216        SH:  0    Dex: 11    Spells: 0 memorised, 4 levels left

rFire  . . .     SeeInvis .     b - +1 hand crossbow
rCold  . . .     Clarity  .     A - +0 ring mail
rNeg   . . .     SustAb   .     (no shield)
rPois  .         Gourm    .     (no helmet)
rElec  .         Spirit   .     (no cloak)
rCorr  .         Warding  .     (no gloves)
rMut   .         Stasis   .     (no barding)
MR     .....                    (no amulet)
Stlth  ..........               (no ring)
                                (no ring)

@: lethally poisoned (-6 -> -8), about to teleport, very quick, not resistant to
hostile enchantments, extremely unstealthy
A: hooves 3, deformed body, speed 2, tough skin 3
a: no special abilities


You were on level 4 of the Dungeon.
You were not hungry.

You visited 1 branch of the dungeon, and saw 4 of its levels.

You collected 216 gold pieces.

Inventory:

Hand weapons
 a - a +0 flail
 b - a +1 hand crossbow (weapon)
 y - a +0 whip
Missiles
 c - 41 bolts (quivered)
 C - 10 bolts of penetration
Armour
 d - a +0 leather armour
 l - a cursed -1 leather armour
 t - a quicksilver dragon hide
 A - a +0 ring mail (worn)
 F - a +1 cloak of poison resistance
Jewellery
 k - an uncursed amulet of clarity {unknown}
 p - an uncursed amulet of regeneration {unknown}
 E - an uncursed ring of stealth {unknown}
Scrolls
 i - 3 scrolls of remove curse
 j - 3 scrolls of identify
 m - a scroll of noise {unknown}
 n - a scroll of recharging {unknown}
 w - a scroll of amnesia {unknown}
Potions
 e - 2 potions of restore abilities {unknown}
 o - a potion of brilliance {unknown}
 q - a potion of poison {unknown}
 r - 2 potions of curing {unknown}
 s - 2 potions of decay {unknown}
 u - a potion of mutation {unknown}
 v - a potion of beneficial mutation {unknown}
 x - a potion of berserk rage {unknown}
 B - a potion of might {unknown}
Comestibles
 f - 4 bread rations
 g - 4 meat rations
 z - 3 beef jerkies
 D - a chunk of flesh


   Skills:
 + Level 2.7 Fighting
   Level 0.1 Short Blades
 + Level 1.3 Maces & Flails
 * Level 5.9 Crossbows
 + Level 1.7 Armour
 + Level 2.3 Dodging
 + Level 0.8 Stealth


You had 4 spell levels left.
You didn't know any spells.

Dungeon Overview and Level Annotations

Branches:
Dungeon (4/15)
 Temple: D:4-7

Altars:
Kikubaaqudgha
Nemelex Xobeh
Xom
Yredelemnul
Zin

Annotations:
D:3 ghwc's ghost, average DsCK


Innate Abilities, Weirdness & Mutations

You have hooves in place of feet.
Armour fits poorly on your strangely shaped body.
You cover ground very quickly.
You have extremely tough skin (AC +3).


Message History

Unknown command.
Unknown command.
Read which item? (? for menu, Esc to quit)
Okay, then.
Read which item? (? for menu, Esc to quit)
As you read the scroll labeled IWKUREAPTA, it crumbles to dust.
It is a scroll of identify.
Identify which item? (\ to view known items) (? for menu, Esc to quit)
i - 3 scrolls of remove curse You feel sick.
Read which item? (? for menu, Esc to quit)
Identify which item? (\ to view known items) (? for menu, Esc to quit)
As you read the scroll of identify, it crumbles to dust.
h - a scroll of teleportation The worker ant bites you.
Read which item? (? for menu, Esc to quit)
As you read the scroll of teleportation, it crumbles to dust.
You feel strangely unstable. The ogre hits you with a giant club!!
Ouch! That really hurt!
You die...

### #.. #.# ######
#.# ...... #.#
###### #.# #O# #@#
...... #a# #####
#.# # #.# #.#####
#.##########......
#.#W..............
#.#a########. #.
#.#.# #. #...# ..#
#.


You could see an ogre and a worker ant.

Vanquished Creatures
  An orc wizard (D:4)
  3 worker ants (D:4)
  Jessica (D:3)
  5 adders
  2 worms (D:3)
  4 giant geckos
  2 oozes
  7 orcs
  A bat skeleton (D:3)
  6 hobgoblins
  9 jackals
  A quokka (D:3)
  A ball python (D:4)
  7 bats
  2 giant cockroaches
  6 giant newts
  5 goblins
  A goblin skeleton (D:2)
  A goblin zombie (D:2)
  A jackal skeleton (D:2)
  4 kobolds
  A kobold zombie (D:2)
  12 rats
83 creatures vanquished.

Notes
Turn   | Place    | Note
--------------------------------------------------------------
     0 | D:1      | CrazyArbalest, the Centaur Hunter, began the quest for the Orb.
     0 | D:1      | Reached XP level 1. HP: 17/17 MP: 1/1
   514 | D:1      | Reached XP level 2. HP: 15/24 MP: 2/2
  1500 | D:2      | Reached skill level 5 in Crossbows
  1500 | D:2      | Reached XP level 3. HP: 29/29 MP: 3/3
  1616 | D:2      | Found a runed door.
  1616 | D:2      | Noticed a human
  1650 | D:2      | Found a basalt altar of Yredelemnul.
  2201 | D:3      | Noticed Jessica
  2205 | D:3      | Killed Jessica
  2205 | D:3      | Reached XP level 4. HP: 32/36 MP: 3/3
  2277 | D:3      | Reached skill level 1 in Maces & Flails
  2712 | D:3      | Noticed ghwc's ghost (average DsCK)
  2797 | D:3      | Reached skill level 1 in Armour
  3242 | D:3      | Found an ancient bone altar of Kikubaaqudgha.
  3652 | D:4      | Noticed an angel
  3653 | D:4      | Found a shimmering altar of Xom.
  3655 | D:4      | Found a glowing silver altar of Zin.
  3708 | D:4      | Reached XP level 5. HP: 31/42 MP: 4/4
  4137 | D:4      | Found a sparkling altar of Nemelex Xobeh.
  4506 | D:4      | Noticed a phantom
  4514 | D:4      | Noticed an ogre
  4520 | D:4      | Mangled by an ogre

Action                   |  1- 3 |  4- 6 || total
-------------------------+-------+-------++-------
Melee: Short sword       |    40 |       ||    40
       Whip              |   106 |   108 ||   214
       Flail             |       |    32 ||    32
 Fire: Hand crossbow     |    14 |    37 ||    51
  Use: Scroll            |       |     3 ||     3
  Eat: Chunk             |     3 |     6 ||     9
